 Dungeon Crawl Stone Soup version 0.30.0-18-gc0e69614cb (webtiles) character file.

Game seed: 6613938526019933368

33 Hades the Trooper (level 3, -1/30 HPs)
             Began as a Demonspawn Berserker on May 23, 2023.
             Was a Follower of Trog.
             Slain by an iguana (2 damage)
             ... on level 2 of the Dungeon.
             The game lasted 00:05:42 (1118 turns).

Hades the Trooper (Demonspawn Berserker)            Turns: 1118, Time: 00:05:43

Health: -1/30      AC:  2    Str: 18 (19) XL:     3   Next: 12%
Magic:  3/3        EV: 12    Int:  7 (8)  God:    Trog [*.....]
Gold:   35         SH:  0    Dex:  9 (12) Spells: 2/2 levels left

rFire   . . .        a - +1 falchion
rCold   . . .        (no shield)
rNeg    . . .        b - +0 animal skin
rPois   .            (no helmet)
rElec   .            (no cloak)
rCorr   .            (no gloves)
SInv    .            (no boots)
Will    .....        (no amulet)
Stlth   +            e - ring of flight
HPRegen 0.25/turn    (no ring)
MPRegen 0.08/turn

%: no passive effects
@: flying, studying Fighting
A: demonic guardian 1, demonic touch 1
a: Renounce Religion, Berserk


You were on level 2 of the Dungeon.
You worshipped Trog.
Trog was aware of your devotion.
You visited 1 branch of the dungeon, and saw 2 of its levels.

You collected 35 gold pieces.

Inventory:

Hand Weapons
 a - a +1 falchion (weapon)
Armour
 b - a +0 animal skin (worn)
Jewellery
 e - a ring of flight (left hand)
Potions
 c - a potion of lignification
 f - 3 potions of degeneration


   Skills:
 + Level 4.0 Fighting
 + Level 3.1 Long Blades
 + Level 2.1 Armour
 + Level 1.9 Dodging


You had 2 spell levels left.
You didn't know any spells.
Your spell library was empty.

Dungeon Overview and Level Annotations

Branches:
Dungeon (2/15)

Altars:

Shops:
D:1 :

Annotations:
D:2 Sigmund


Innate Abilities, Weirdness & Mutations

A weak demonic guardian rushes to your aid.
Your touch may inflict minor irresistible damage on your foes.


Message History

Your experience leads to an increase in your attributes!
Your base attributes are Str 17, Int 8, Dex 12.
Increase (S)trength, (I)ntelligence, or (D)exterity?
You feel stronger. x2; Your demonic ancestry asserts itself...
You feel the presence of a demonic guardian.
You feel sick.
You slash the endoplasm!
You kill the endoplasm!
Trog accepts your kill.
You feel sick.
You feel sick.
You feel sick.
You see here an adder corpse.
You feel sick.
You are no longer poisoned.
You start resting.
HP restored.
Sigmund the Dreaded comes into view.
He is wielding a +0 scythe.
Sigmund shouts!
Sigmund drinks a potion.
Sigmund's spells are empowered!
An iguana comes into view.
Sigmund points at you and mumbles some strange words.
The magic dart hits you.
A demonic guardian appears!
Sigmund points at you and mumbles some strange words.
The magic dart hits you!
Your white imp hits the iguana but does no damage.
The iguana bites your white imp!
Your white imp dies!
Your white imp disappears in a puff of smoke!
Sigmund casts a spell at you.
You struggle to resist.
The iguana bites you but does no damage.
You hit the iguana but do no damage. The iguana bites you!
* * * LOW HITPOINT WARNING * * *
The iguana attacks as you move away! The iguana barely misses you.
The iguana barely misses you. The iguana attacks as you move away!
The iguana bites you.
* * * LOW HITPOINT WARNING * * *
The iguana attacks as you move away! The iguana bites you.
You die...

#######.##.##.# ### .
##.##.##........###.
#.......###.........
####†#.........##.##.#
.....#.##.####.##.##.#
.....#...... ........#
.....####.####.##.##.#####
.....####.####.##........#
...........†....@l@#.###.#
.....##.(......###.#.#
.....##........# #.#..
#.#####...............# #.
#.......####....# <.
#.......# #..... .
#...<...# #.#### #.......#
#.#


You could see Sigmund (empowered) and an iguana.

Vanquished Creatures
  2 adders (D:2)
  A worm (D:2)
  A ball python (D:1)
  2 endoplasms
  A giant cockroach (D:2)
  A goblin (D:1)
  A hobgoblin (D:1)
  A quokka (D:2)
  A kobold (D:1)
  A rat (D:1)
12 creatures vanquished.

Notes
Turn   | Place    | Note
-------+----------+-------------------------------------------
     0 | D:1      | Hades the Demonspawn Berserker began the quest for the Orb.
     0 | D:1      | Reached XP level 1. HP: 18/18 MP: 1/1
   102 | D:1      | Noticed a walking earthen tome
   104 | D:1      | Found Gidwi's Book Boutique.
   108 | D:1      | Noticed a walking frostbound tome
   139 | D:1      | Identified a scroll of acquirement
   139 | D:1      | Acquired a manual of Fighting
   815 | D:1      | You are sucked into a shaft and drop 1 floor!
   887 | D:2      | Gained mutation: Your touch may inflict minor irresistible
                  | damage on your foes. [demonic ancestry]
   887 | D:2      | Reached XP level 2. HP: 19/24 MP: 2/2
  1013 | D:2      | Reached skill level 4 in Fighting
  1013 | D:2      | Gained mutation: A weak demonic guardian rushes to your
                  | aid. [demonic ancestry]
  1013 | D:2      | Reached XP level 3. HP: 13/30 MP: 3/3
  1107 | D:2      | Noticed Sigmund
  1117 | D:2      | HP: 1/30 [iguana (5)]
  1118 | D:2      | Slain by an iguana

Illustrated notes

Levels and vault maps discovered:
D:1:      psy_arrival_radial01, layout_rooms, serial_shops,
          nicolae_shop_mannequins
D:2:      layout_loops_cross, uniq_sigmund

Skill      XL: |  1  2 |
---------------+-------+-----
Armour         | 2 |  2.1
Long Blades    | 3 |  3.1
Fighting       | 4 |  4.0
Dodging        | |  1.9

Action                     || total
---------------------------++-------
  Melee: Falchion          ||    37
         Touch             ||     3
    Use: Scroll            ||     7
         Potion            ||     3
 Armour: Animal skin       ||    14
  Dodge: Dodged            ||    28
